 Dungeon Crawl Stone Soup version 0.23.2-11-gf996548c65 (webtiles) character file.

Game seed: 11870668787714473198

3536 MalarOregon the Geomancer (level 10, -3/86 HPs)
             Began as a Ghoul Earth Elementalist on June 4, 2019.
             Slain by a thrashing horror (16 damage)
             ... on level 3 of the Abyss.
             The game lasted 00:37:02 (14225 turns).

MalarOregon the Geomancer (GhEE)                   Turns: 14225, Time: 00:37:03

Health: -3/86      AC:  5    Str: 13      XL:     10   Next: 8%
Magic:  18/18      EV: 12    Int: 10 (13) God:
Gold:   118        SH:  0    Dex:  8 (9)  Spells: 8/21 levels left

rFire    + . .     SeeInvis .   r - +4 whip (venom)
rCold    + . .     Gourm    .   (no shield)
rNeg     + + +     Faith    .   c - +0 robe
rPois    ∞         Spirit   .   (no helmet)
rElec    .         Reflect  .   b - +0 cloak (curse)
rCorr    .         Harm     .   f - +0 pair of gloves
MR       +....                  o - +0 pair of boots
Stlth    ++........             (no amulet)
HPRegen  0.00/turn              l - ring of protection from magic
MPRegen  0.16/turn              i - ring of protection from fire

@: about to teleport, rotting, hasted, very quick
A: rotting body, claws 1, carnivore, cold resistance 1, negative energy
resistance 3, inhibited regeneration, torment resistance, unbreathing
a: no special abilities


You were on level 3 of the Abyss.
You were not hungry.

You visited 2 branches of the dungeon, and saw 10 of its levels.
You visited the Abyss 1 time.

You collected 442 gold pieces.
You spent 324 gold pieces at shops.

Inventory:

Hand Weapons
 r - a +4 whip of venom (weapon)
   (You took it off an orc on level 6 of the Dungeon)
 D - the +7 Singing Sword {slice, sonic wave}
   (You found it on level 8 of the Dungeon)

   It inflicts extra damage upon your enemies.
Missiles
 a - 5 needles of paralysis
 y - 132 stones (quivered)
Armour
 b - a cursed +0 cloak (worn)
   (You found it on level 6 of the Dungeon)
 c - a +0 robe (worn)
 f - a +0 pair of gloves (worn)
   (You found it on level 2 of the Dungeon)
 o - a +0 pair of boots (worn)
   (You found it on level 4 of the Dungeon)
Jewellery
 i - a ring of protection from fire (right hand)
   (You found it on level 7 of the Dungeon)
 l - a ring of protection from magic (left hand)
   (You took it off Ijyb on level 3 of the Dungeon)
 A - an uncursed ring of resist corrosion
   (You found it on level 6 of the Dungeon)
 C - an uncursed ring of protection from magic
   (You found it on level 8 of the Dungeon)
Wands
 t - a wand of clouds (5)
   (You found it on level 5 of the Dungeon)
 v - a wand of digging (7)
   (You took it off Blork the orc on level 5 of the Dungeon)
 z - a wand of scattershot (6)
   (You took it off Ijyb on level 3 of the Dungeon)
Scrolls
 g - a scroll of amnesia
 h - 10 scrolls of remove curse {@r2}
 k - 2 scrolls of identify {@r1}
 n - 2 scrolls of blinking
 p - 3 scrolls of noise {!r}
 x - 4 scrolls of magic mapping
Potions
 d - 4 potions of curing {@q1}
 s - 2 potions of resistance
 w - a potion of might
 B - a potion of ambrosia
Comestibles
 e - 9 rations {!d}


   Skills:
 + Level 7.6 Fighting
 - Level 1.7 Dodging
 - Level 3.0 Stealth
 + Level 6.1 Spellcasting
 - Level 5.4 Conjurations
 + Level 1.3 Transmutations
 + Level 8.4 Earth Magic


You had 8 spell levels left.
You knew the following spells:

 Your Spells              Type           Power        Failure   Level  Hunger
a - Sandblast             Erth           ###...       1%          1    None
b - Petrify               Tmut/Erth      ##......     26%         4    ####...
c - Lee's Rapid Deconstr  Erth           ###.......   17%         5    ######.
x - Stone Arrow           Conj/Erth      ###...       3%          3    ###....

Your spell library contained the following spells:

 Spells                   Type           Power        Failure   Level  Hunger
 Passwall                 Tmut/Erth      ##......     4%          2    ##.....
 Recall                   Summ/Tloc      N/A          52%         3    ###....
 Borgnjor's Vile Clutch   Necr/Erth      ##........   69%         5    ######.
 Animate Dead             Necr           N/A          90%         4    ####...
 Death Channel            Necr           #.........   100%        6    #######
 Simulacrum               Ice/Necr       #.........   100%        6    #######


Dungeon Overview and Level Annotations

Branches:
Dungeon (9/15)             Temple (1/1) D:5
   Lair: D:8-11         Orc: D:9-12

Altars:
Ashenzari
Cheibriados
Dithmenos
Elyvilon
Fedhas
Gozag
Hepliaklqana
Kikubaaqudgha
Nemelex Xobeh
Okawaru
Qazlal
Ru
Sif Muna
Trog
Uskayaw
Vehumet
Wu Jian
Xom
Yredelemnul
Zin
The Shining One

Annotations:
D:7 Joseph
D:9 Harold


Innate Abilities, Weirdness & Mutations

Your body is rotting away.
You thrive on raw meat.
You are immune to poison.
You have sharp fingernails.
You are carnivorous and can eat meat at any time.
Your flesh is cold resistant. (rC+)
You are immune to negative energy. (rN+++)
You do not regenerate when monsters are visible.
You are immune to unholy pain and torment.
You can survive without breathing.


Message History

A thrashing horror comes into view.
The thrashing horror roars!
The thrashing horror tramples you.
* * * LOW HITPOINT WARNING * * *
You hold your ground!
The thrashing horror tramples you.
* * * LOW HITPOINT WARNING * * *
You hold your ground!
The thrashing horror tramples you.
* * * LOW HITPOINT WARNING * * *
You hold your ground!
The thrashing horror barely misses you. The thrashing horror tramples you.
* * * LOW HITPOINT WARNING * * *
You hold your ground!
The thrashing horror closely misses you.
As you read the scroll of teleportation {@r4}, it crumbles to dust.
You feel strangely unstable.
You feel the power of the Abyss delaying your translocation!
The thrashing horror barely misses you. The thrashing horror tramples you!
* * * LOW HITPOINT WARNING * * *
You stumble backwards!
Unknown command.
You feel yourself speed up. The thrashing horror misses you.
The thrashing horror tramples you.
* * * LOW HITPOINT WARNING * * *
You stumble backwards!
The thrashing horror misses you.
The thrashing horror tramples you but does no damage.
A sky beast comes into view.
Found 23 arrows.
The thrashing horror roars!
The thrashing horror tramples you!
* * * LOW HITPOINT WARNING * * *
You stumble backwards!
The thrashing horror barely misses you. The thrashing horror tramples you.
* * * LOW HITPOINT WARNING * * *
You stumble backwards!
The thrashing horror barely misses you.
The thrashing horror tramples you but does no damage.
Unknown command.
The thrashing horror tramples you but does no damage.
The thrashing horror completely misses you.
The thrashing horror roars!
A large abomination comes into view.
The thrashing horror misses you. The thrashing horror tramples you.
* * * LOW HITPOINT WARNING * * *
You stumble backwards!
Found 17 gold pieces.
Unknown command.
The thrashing horror roars!
The thrashing horror tramples you!
You die...

.. .. .. ..
#####.##.....# ##
.......#.... ## .#..
........... ...## .
.....#........## ...
. #.......#...... .#.
.## ##@##..# #. . .#.
#..X.#.###§.# ..# #
#.#....##..# # #.#
...####........#..#
#.........#.......#.#
#X#..##....#§.##....#
#.#.# ##..§.#.###. .
§ #. #####.## #..##.
# ## #.. #..#.#


You could see a thrashing horror and a large abomination.

Vanquished Creatures
  Prince Ribbit (D:5)
  Menkaure (D:5)
  Edmund (D:5)
  3 orc warriors
  2 sky beasts (D:6)
  2 phantoms (D:6)
  4 ogres
  An eye of draining (D:4)
  6 centaurs
  Blork the orc (D:5)
  6 scorpions
  4 wights (D:6)
  2 howler monkeys (D:8)
  3 crimson imps
  A jelly (D:8)
  3 orc priests
  Ijyb (D:3)
  A bullfrog skeleton (D:6)
  3 iguanas
  10 worker ants
  A killer bee zombie (D:8)
  A howler monkey skeleton (D:8)
  A worker ant zombie (D:5)
  9 adders
  8 gnolls
  4 shadow imps
  2 adder zombies
  An adder skeleton (D:9)
  7 worms
  3 leopard geckos
  19 orcs
  2 ball pythons
  15 bats
  4 giant cockroaches
  10 hobgoblins
  6 jackals
  7 kobolds
  3 quokkas
  6 frilled lizards
  13 goblins
  A leopard gecko skeleton (D:6)
  A quokka skeleton (D:6)
  7 rats
187 creatures vanquished.

Vanquished Creatures (others)
  11 fungi (D:8)
  3 starspawn tentacles (Abyss:3)
14 creatures vanquished.

Grand Total: 201 creatures vanquished

Notes
Turn   | Place    | Note
-------+----------+-------------------------------------------
     0 | D:1      | MalarOregon the Ghoul Earth Elementalist began the quest
                  | for the Orb.
     0 | D:1      | Reached XP level 1. HP: 14/14 MP: 2/2
   100 | D:1      | Reached XP level 2. HP: 11/22 MP: 1/3
   184 | D:1      | Reached skill level 1 in Fighting
   839 | D:2      | Reached XP level 3. HP: 28/28 MP: 2/5
  1430 | D:2      | Learned a level 3 spell: Stone Arrow
  1586 | D:2      | Reached XP level 4. HP: 36/36 MP: 3/6
  2115 | D:3      | Reached skill level 4 in Earth Magic
  2830 | D:3      | Noticed Ijyb
  4115 | D:4      | Found an opulent altar of Gozag.
  4166 | D:4      | Reached XP level 5. HP: 34/37 MP: 0/7
  4175 | D:4      | Reached skill level 1 in Conjurations
  4196 | D:4      | Noticed a centaur
  4211 | D:4      | Killed a centaur
  4460 | D:4      | Reached XP level 6. HP: 50/50 MP: 5/9
  5137 | D:4      | Reached skill level 5 in Earth Magic
  5523 | D:4      | Found a bloodstained altar of Trog.
  5523 | D:4      | Noticed an eye of draining
  5640 | D:4      | Reached XP level 7. HP: 53/55 MP: 2/11
  5767 | D:5      | Entered Level 5 of the Dungeon
  5768 | D:5      | Noticed Menkaure
  5771 | D:5      | Killed Menkaure
  5865 | D:5      | Learned a level 4 spell: Petrify
  5871 | D:5      | Learned a level 5 spell: Lee's Rapid Deconstruction
  5882 | D:5      | Noticed Prince Ribbit
  5903 | D:5      | Found Catt's Magic Scroll Boutique.
  5933 | D:5      | Killed Prince Ribbit
  5933 | D:5      | Reached XP level 8. HP: 43/67 MP: 3/13
  5952 | D:5      | Bought a scroll of teleportation for 36 gold pieces
  5952 | D:5      | Bought a scroll of blinking for 90 gold pieces
  5952 | D:5      | Bought a scroll of noise for 12 gold pieces
  5952 | D:5      | Bought a scroll of noise for 12 gold pieces
  5952 | D:5      | Bought a scroll of remove curse for 36 gold pieces
  5992 | D:5      | Reached skill level 6 in Earth Magic
  6318 | D:5      | Bought a scroll of identify for 24 gold pieces
  6327 | D:5      | Found a staircase to the Ecumenical Temple.
  6360 | D:5      | Found a white marble altar of Elyvilon.
  6386 | Temple   | Entered the Ecumenical Temple
  6612 | D:5      | Found a shattered altar of Ashenzari.
  6612 | D:5      | Found an ornate altar of the Wu Jian Council.
  6669 | D:5      | Noticed Blork the orc
  6679 | D:5      | Killed Blork the orc
  6679 | D:5      | Reached skill level 5 in Fighting
  6718 | D:5      | Noticed Edmund
  7508 | D:5      | Killed Edmund
  8219 | D:5      | HP: 2/68 [orc warrior/+0 dire flail (22)]
  8857 | D:6      | Reached XP level 9. HP: 62/71 MP: 6/15
  9114 | D:6      | Reached skill level 7 in Earth Magic
  9134 | D:6      | Reached skill level 5 in Spellcasting
 10808 | D:5      | Bought a scroll of magic mapping for 42 gold pieces
 10808 | D:5      | Bought a scroll of remove curse for 36 gold pieces
 10808 | D:5      | Bought a scroll of remove curse for 36 gold pieces
 11031 | D:7      | Noticed Joseph
 11121 | D:3      | Killed Ijyb
 11415 | D:7      | Found a white marble altar of Elyvilon.
 11552 | D:7      | Reached skill level 5 in Conjurations
 11627 | D:7      | Found a blossoming altar of Fedhas.
 11655 | D:7      | Found a hide-covered altar of Uskayaw.
 11828 | D:8      | Reached skill level 8 in Earth Magic
 12806 | D:8      | Reached XP level 10. HP: 40/86 MP: 2/18
 13158 | D:8      | Reached skill level 1 in Transmutations
 13227 | D:8      | Found the +7 Singing Sword {slice, sonic wave}
 13454 | D:9      | Noticed Harold
 13845 | D:9      | Cast into level 2 of the Abyss (Harold)
 13928 | Abyss:3  | Noticed a starcursed mass
 13955 | Abyss:3  | Noticed an orb spider
 14087 | Abyss:3  | Noticed a large abomination
 14135 | Abyss:3  | Noticed a tentacled starspawn
 14136 | Abyss:3  | Noticed a smoke demon
 14148 | Abyss:3  | Found a corrupted altar of Lugonu.
 14149 | Abyss:3  | Noticed an apocalypse crab
 14150 | Abyss:3  | Noticed a tentacled starspawn
 14169 | Abyss:3  | Noticed a worldbinder
 14202 | Abyss:3  | Found a corrupted altar of Lugonu.
 14209 | Abyss:3  | Noticed a thrashing horror
 14225 | Abyss:3  | Slain by a thrashing horror

Skill      XL: |  1  2  3  4  5  6  7  8  9 10 |
---------------+-------------------------------+-----
Spellcasting   | 2 3 4 6 |  6.1
Fighting       | 1 2 3 4 5 7 |  7.6
Stealth        | 3 |  3.0
Earth Magic    | 4 5 6 8 |  8.4
Conjurations   | 1 2 3 4 5 |  5.4
Transmutations | 1 |  1.3
Dodging        | |  1.7

Action                   |  1- 3 |  4- 6 |  7- 9 | 10-12 || total
-------------------------+-------+-------+-------+-------++-------
Melee: Hand axe          |    48 |       |       |       ||    48
       Unarmed           |    76 |   171 |    94 |       ||   341
       Whip              |       |       |    94 |    46 ||   140
 Cast: Sandblast         |    41 |    90 |   137 |       ||   268
       Stone Arrow       |       |     1 |    73 |    14 ||    88
Evoke: Wand              |       |       |       |     1 ||     1
  Use: Scroll            |     3 |     6 |     9 |     3 ||    21
       Potion            |     1 |     2 |     2 |     5 ||    10
 Stab: Sleeping          |     1 |     2 |     4 |       ||     7
       Distracted        |     1 |       |       |       ||     1
  Eat: Chunk             |     7 |    12 |    34 |     6 ||    59
       Ration            |       |       |     3 |       ||     3
Armor: Robe              |    19 |    47 |    46 |    19 ||   131
       Scale mail        |     8 |       |       |       ||     8
Dodge: Dodged            |    68 |   118 |   139 |    68 ||   393
